Map: Undercurrent LE

Players

PENETRATOR - Winner!

  • Race: Zerg Zerg
  • Spawn Location: 3:00

DePadre - Winner!

  • Race: Terran Terran
  • League: Silver
  • Spawn Location: 1:00

Ekelpack

  • Race: Zerg Zerg
  • Spawn Location: 7:00

Nyck

  • Race: Terran Terran
  • Spawn Location: 7:00

VOD

Have the link to the VOD?

Description

Time

  • Played on: Feb. 25, 2025, 1:14 p.m.
  • Length: 5:02
Show
View Real Time Build Order
Export as new Build Order

PENETRATOR Zerg - Winner!

Build Orders: Hatch First 

Get SALT Encoding   

  12  0:00  Drone  
  13  0:08  Drone  
  14  0:18  Extractor  
  14  0:19  Extractor  
  14  0:20  Drone  
  13  0:21  Drone  
  13  0:27  Overlord  
  16  0:51  Drone  
  16  0:54  Drone, Hatchery  
  17  0:59  Drone  
  17  1:02  Extractor  
  17  1:05  Drone  
  18  1:18  Spawning Pool  
  18  1:20  Drone  
  18  1:27  Drone  
  19  1:38  Drone  
  20  1:48  Overlord  
  20  2:00  Drone  
  21  2:08  Queen, Drone  
  21  2:10  Queen  
  21  2:11  Drone  
  27  2:19  Metabolic Boost  
  27  2:21  Zergling x2  
  28  2:25  Zergling x2  
  28  2:29  Zergling x2  
  30  2:31  Drone  
  31  2:37  Evolution Chamber  
  31  2:39  Zergling x2  
  31  2:48  Zergling x2  
  32  3:01  Zergling x6  
  35  3:07  Zergling x2  
  35  3:11  Overlord  
  36  3:16  Extractor, Overlord  
  35  3:20  Zergling x2  
  36  3:30  Zergling x4  
  36  3:31  Zergling x8  
  36  3:33  Drone  
  43  3:39  Lair  
  43  3:42  Zergling x2  
  43  3:44  Zergling x2  
  45  4:02  Zergling x6  
  48  4:03  Zergling x2  
  49  4:12  Zergling x6  
  49  4:15  Overlord x2  
  51  4:28  Zergling x6  
  51  4:30  Extractor  
  48  4:32  Extractor  
  44  4:39  Zergling x4  
Show
View Real Time Build Order
Export as new Build Order

DePadre Terran - Winner!

Build Orders:  

Get SALT Encoding   

  12  0:01  SCV  
  13  0:13  SCV  
  14  0:20  Supply Depot  
  14  0:27  Refinery  
  14  0:28  SCV  
  15  0:46  SCV  
  15  0:48  Barracks  
  16  0:59  Refinery, SCV  
  17  1:11  SCV  
  18  1:24  SCV  
  19  1:36  SCV  
  19  1:37  Barracks Reactor, Factory  
  20  1:46  Supply Depot  
  20  1:48  SCV  
  21  2:00  SCV  
  22  2:09  Supply Depot  
  22  2:12  SCV  
  22  2:14  Marine x2  
  25  2:20  Factory Tech Lab  
  25  2:32  Marine x2  
  26  2:46  Siege Tank  
  26  2:51  Marine x2  
  31  3:09  Marine x2  
  31  3:11  Supply Depot  
  33  3:18  Siege Tank  
  36  3:29  Marine x2  
  38  3:37  Starport  
  38  3:47  Marine x2  
Show
View Real Time Build Order
Export as new Build Order

Ekelpack Zerg 

Build Orders: Hatch First 

Get SALT Encoding   

  12  0:01  Drone  
  13  0:12  Overlord  
  13  0:20  Drone  
  14  0:31  Drone x2  
  14  0:35  Drone  
  17  0:52  Hatchery  
  17  0:55  Drone  
  17  0:58  Extractor  
  17  1:00  Drone  
  17  1:07  Drone  
  18  1:17  Spawning Pool  
  17  1:22  Drone  
  18  1:29  Drone  
  19  1:40  Drone  
  20  1:57  Overlord  
  20  2:04  Queen  
  20  2:07  Queen  
  24  2:12  Drone  
  24  2:13  Drone  
  27  2:22  Drone  
  27  2:24  Drone  
  27  2:25  Drone  
  29  2:30  Drone  
  30  2:37  Extractor  
  30  2:42  Extractor  
  30  2:43  Metabolic Boost, Lair  
  28  2:50  Drone x2  
  30  2:52  Drone  
  30  2:53  Drone  
  30  2:56  Overlord  
  32  3:03  Drone  
  33  3:06  Drone  
  34  3:14  Drone  
  34  3:15  Drone x2  
  37  3:22  Overlord  
  37  3:27  Extractor  
  37  3:28  Drone x4  
  40  3:36  Drone  
  40  3:40  Spire  
  40  3:42  Overlord  
  40  3:50  Drone x2  
  42  3:56  Drone x3  
  42  4:00  Zergling x8  
  49  4:09  Zergling x2  
  50  4:10  Zergling x2  
  50  4:16  Zergling x6  
  51  4:34  Zergling x6  
  51  4:42  Zergling x6  
Show
View Real Time Build Order
Export as new Build Order

Nyck Terran 

Build Orders:  

Get SALT Encoding   

  12  0:00  SCV  
  13  0:12  SCV  
  14  0:20  Supply Depot  
  14  0:26  SCV  
  15  0:42  SCV  
  16  0:44  Barracks  
  16  0:46  Refinery  
  16  0:54  SCV  
  17  1:06  SCV  
  18  1:18  SCV  
  19  1:26  Refinery  
  19  1:32  Reaper, Supply Depot  
  20  1:34  Orbital Command  
  20  1:58  Supply Depot  
  20  2:00  SCV  
  21  2:06  Barracks Tech Lab  
  21  2:12  SCV  
  22  2:22  Supply Depot  
  22  2:24  SCV  
  22  2:25  Combat Shield  
  23  2:36  SCV  
  24  2:49  SCV  
  25  3:15  Factory  
  25  3:17  SCV  
  26  3:25  Barracks  
  26  3:30  Engineering Bay x2  
  25  3:37  SCV  
  26  3:59  Command Center  
Tags
 
Add a new tag
Caveats
  • Supply blocks, unpowered buildings, or Contaminate may cause inaccurate times.
  • Supply counts are checked every 10 seconds.